[Event "Titled Tuesday Blitz January 03 Late 2023"]
[White "Di Berardino, Diego Rafael"]
[Black "Kobalia, Mikhail"]
[WhiteFideId "2105446"]
[BlackFideId "4119150"]
[WhiteElo "2479"]
[BlackElo "2578"]
[Result "0-1"]
[Round "10"]
[TimeControl "180+2"]
[Date "2023.01.03"]
[WhiteClock "0:01:31"]
[BlackClock "0:02:13"]

1. e4 c5 2. Nf3 e6 3. d4 cxd4 4. Nxd4 Nc6 5. Nc3 a6 6. Be2 d6 7. O-O Nf6 8. Be3 Bd7 9. f4 Nxd4 10. Bxd4 Bc6 11. Bf3 Be7 12. a4 O-O 13. a5 Nd7 14. Be3 Qc7 15. Qe1 Rfd8 16. Qg3 Bf6 17. Rfd1 Kh8 18. Bd4 Bxd4+ 19. Rxd4 e5 20. Rd2 exf4 21. Qxf4 Ne5 22. Be2 b5 23. axb6 Qxb6+ 0-1


[Site "https://www.chess.com"]

[Event "Titled Tuesday Blitz January 03 Late 2023"]
[White "Yanchenko, Roman"]
[Black "Ozer, Omer Faruk"]
[WhiteFideId "4137329"]
[BlackFideId "6354564"]
[WhiteElo "2466"]
[BlackElo "2360"]
[Result "1-0"]
[Round "10"]
[TimeControl "180+2"]
[Date "2023.01.03"]
[WhiteClock "0:00:12"]
[BlackClock "0:00:11"]

1. d4 Nf6 2. c4 c6 3. Nf3 d5 4. Nc3 dxc4 5. Bg5 b5 6. e3 Bb7 7. Bxf6 exf6 8. a4 a6 9. Qb1 Bb4 10. Be2 O-O 11. O-O Nd7 12. Ne4 Re8 13. Ng3 Nb6 14. b3 c3 15. Rc1 Nd5 16. Ne1 g6 17. Bf3 a5 18. Nd3 Qd6 19. Ne2 Rab8 20. Bxd5 Qxd5 21. Nxc3 Bxc3 22. Rxc3 c5 23. Nf4 Qd7 24. Rxc5 bxa4 25. Rxa4 Bxg2 26. Raxa5 Bf3 27. h3 g5 28. Rd5 Bxd5 29. Nxd5 Kg7 30. Kg2 Ra8 31. Rc5 Rec8 32. Qe4 Rxc5 33. dxc5 Rd8 34. Ne7 Re8 35. Nf5+ Kg6 36. Nh4+ Kg7 37. c6 Qc8 38. Nf5+ Kg6 39. Ne7+ Kg7 40. Nxc8 Rxe4 41. Nd6 Re7 42. b4 1-0


[Site "https://www.chess.com"]

[Event "Titled Tuesday Blitz January 03 Late 2023"]
[White "Yuan, Qingyu"]
[Black "Alikhanov, Felix"]
[WhiteFideId "8609772"]
[BlackFideId "4157427"]
[WhiteElo "2373"]
[BlackElo "2434"]
[Result "1-0"]
[Round "10"]
[TimeControl "180+2"]
[Date "2023.01.03"]
[WhiteClock "0:00:09"]
[BlackClock "0:00:18"]

1. e4 e6 2. d4 d5 3. Nd2 Nf6 4. e5 Nfd7 5. f4 c5 6. c3 Nc6 7. Ndf3 Qb6 8. a3 cxd4 9. cxd4 Na5 10. Bd3 Nb3 11. Rb1 Nxd4 12. Nxd4 Qxd4 13. Nf3 Qb6 14. b4 a5 15. Bd2 axb4 16. axb4 Be7 17. Qe2 h6 18. Be3 Bxb4+ 19. Kf2 Qa5 20. Ra1 Qxa1 21. Rxa1 Rxa1 22. Qb2 Ra3 23. Qxb4 Rxd3 24. Ke2 Rxe3+ 25. Kxe3 f6 26. Qd6 Nf8 27. Nd4 Bd7 28. Qb8+ Ke7 29. Qxb7 g5 30. g3 gxf4+ 31. gxf4 Rg8 32. Nc6+ Kf7 33. Nb8 Ke7 34. exf6+ Kd8 35. Nxd7 d4+ 36. Kxd4 e5+ 37. Kd5 Nxd7 38. fxe5 Rg2 39. Qa8+ Kc7 40. Qc6+ Kd8 41. Ke6 Nf8+ 42. Kf7 Nd7 43. Qxg2 Nxe5+ 44. Ke6 Nd7 45. Qd5 1-0


[Site "https://www.chess.com"]

[Event "Titled Tuesday Blitz January 03 Late 2023"]
[White "Avila Pavas, Santiago"]
[Black "Yaran, Siar"]
[WhiteFideId "4437128"]
[BlackFideId "6323006"]
[WhiteElo "2522"]
[BlackElo "2288"]
[Result "0-1"]
[Round "10"]
[TimeControl "180+2"]
[Date "2023.01.03"]
[WhiteClock "0:01:04"]
[BlackClock "0:00:10"]

1. d4 Nf6 2. Nf3 e6 3. Bf4 d5 4. e3 Bd6 5. Bg3 O-O 6. Nbd2 c5 7. c3 Qc7 8. Bd3 Nbd7 9. e4 e5 10. dxe5 Nxe5 11. Nxe5 Bxe5 12. exd5 Bg4 13. Qc2 Bxg3 14. hxg3 Rfe8+ 15. Kf1 h6 16. c4 b5 17. Nf3 bxc4 18. Bxc4 Re4 19. Rd1 Qd6 20. Rh4 Bxf3 21. gxf3 Rxh4 22. gxh4 Qh2 23. Ke2 Re8+ 24. Kd2 Qf4+ 25. Kc3 Qxf3+ 26. Rd3 Ne4+ 27. Kb3 Rb8+ 28. Ka3 Qf6 29. b3 g6 30. d6 Nxd6 31. Ba6 Rb6 32. Qxc5 Rxa6+ 33. Kb4 Rb6+ 34. Ka4 Ra6+ 35. Kb4 Rb6+ 36. Ka4 Kg7 37. b4 Qe6 38. Qd4+ Kh7 39. b5 Nxb5 40. Qb4 Qxa2+ 0-1


[Site "https://www.chess.com"]

[Event "Titled Tuesday Blitz January 03 Late 2023"]
[White "Rangel, Daniel"]
[Black "Fernandez Guillen, Ernesto J."]
[WhiteFideId "2124475"]
[BlackFideId "3512428"]
[WhiteElo "2207"]
[BlackElo "2477"]
[Result "0-1"]
[Round "10"]
[TimeControl "180+2"]
[Date "2023.01.03"]
[WhiteClock "0:00:32"]
[BlackClock "0:01:57"]

1. c4 Nf6 2. g3 g6 3. Bg2 Bg7 4. Nc3 O-O 5. e3 d6 6. Nge2 Nc6 7. O-O e5 8. Rb1 h5 9. h4 Bf5 10. d3 Qd7 11. Nd5 Nxd5 12. cxd5 Ne7 13. e4 Bh3 14. Bg5 Bxg2 15. Kxg2 f6 16. Be3 c6 17. dxc6 bxc6 18. d4 d5 19. dxe5 fxe5 20. Bg5 Rad8 21. Nc3 Bf6 22. Bxf6 Rxf6 23. Qd2 Kg7 24. Rbd1 d4 25. Na4 Rdf8 26. Nc5 Qg4 27. b4 Nc8 28. Rde1 Nd6 29. Qe2 Rf3 30. a4 g5 31. Rh1 Nc4 32. hxg5 Ne3+ 33. Kg1 Rxg3+ 34. fxg3 Qxg3+ 35. Qg2 Qxg2# 0-1


[Site "https://www.chess.com"]

[Event "Titled Tuesday Blitz January 03 Late 2023"]
[White "Timmermans, Mark"]
[Black "Bilan, Danila"]
[WhiteFideId "1026399"]
[BlackFideId "24161918"]
[WhiteElo "2392"]
[BlackElo "2303"]
[Result "1-0"]
[Round "10"]
[TimeControl "180+2"]
[Date "2023.01.03"]
[WhiteClock "0:00:59"]
[BlackClock "0:00:07"]

1. e4 c6 2. Nf3 d5 3. exd5 cxd5 4. Ne5 Nf6 5. Bb5+ Bd7 6. Nxd7 Nbxd7 7. d4 e6 8. O-O Bd6 9. Nc3 Rc8 10. Ne2 Qc7 11. Bd3 Bxh2+ 12. Kh1 Bd6 13. g3 h5 14. Kg2 Ne4 15. c4 h4 16. Rh1 h3+ 17. Kg1 Nxg3 18. fxg3 dxc4 19. Be4 Nf6 20. Bg2 Bxg3 21. Rxh3 Rxh3 22. Bxh3 Bh2+ 23. Kh1 Ke7 24. Qf1 Rh8 25. Qf3 Bd6 26. Kg2 Nd5 27. Bg5+ f6 28. Bd2 g5 29. Rf1 Rh6 30. Nc3 Qc6 31. Nxd5+ Qxd5 32. Qxd5 exd5 33. Re1+ Kf7 34. Be6+ Kf8 35. Rh1 Rxh1 36. Kxh1 b5 37. a3 Ke7 38. Bxd5 a5 39. Bxa5 Bf4 40. Bc6 Be3 41. Bc3 Kd6 42. Bxb5 Kd5 43. a4 f5 44. a5 Bf4 45. a6 Bb8 46. Kg2 g4 47. Bd7 Ke4 48. d5 Kxd5 49. Bxf5 g3 50. Bh7 Kd6 51. Bg8 Kc6 52. Bd4 Kb5 53. a7 Bxa7 54. Bxa7 Kb4 55. Bd4 c3 56. Bxc3+ Ka4 57. Kxg3 Kb5 58. Bd5 Ka4 59. Ba2 Kb5 60. Bb3 1-0


[Site "https://www.chess.com"]

[Event "Titled Tuesday Blitz January 03 Late 2023"]
[White "Yurovskykh, Oleksandr"]
[Black "Salimova, Nurgyul"]
[WhiteFideId "14134020"]
[BlackFideId "2915138"]
[WhiteElo "2328"]
[BlackElo "2391"]
[Result "1/2-1/2"]
[Round "10"]
[TimeControl "180+2"]
[Date "2023.01.03"]
[WhiteClock "0:00:16"]
[BlackClock "0:00:09"]

1. d4 Nf6 2. Nf3 d5 3. c3 Bf5 4. Qb3 Qc8 5. Bg5 Nbd7 6. e3 h6 7. Bh4 e6 8. c4 a5 9. Nc3 c6 10. Be2 dxc4 11. Qxc4 b5 12. Qb3 a4 13. Qd1 a3 14. Qb3 axb2 15. Qxb2 Ba3 16. Qb3 O-O 17. O-O Ne4 18. Nxe4 Bxe4 19. Nd2 Bd5 20. Qc2 e5 21. e4 Be6 22. dxe5 Nxe5 23. Bg3 Ng4 24. Nb3 Rd8 25. Rfd1 Be7 26. Rxd8+ Qxd8 27. Rd1 Qb6 28. h3 Nf6 29. Bf4 Ra4 30. Be3 Qa6 31. Nc5 Rxa2 32. Nxa6 Rxc2 33. Bd3 Ra2 34. Nc5 Bc4 35. Bxc4 bxc4 36. f3 c3 37. Rc1 c2 38. Kf1 Bxc5 39. Bxc5 Nd7 40. Bd4 c5 41. Bc3 Nb6 42. Ke2 Na4 43. Kd3 f6 44. Rxc2 Ra3 45. Kc4 Nxc3 46. Rxc3 Ra2 47. g4 Rh2 48. f4 Rf2 49. f5 Re2 50. Kd5 Kf7 51. Rxc5 Re3 52. Rc7+ Kg8 53. h4 Re2 54. Rc3 Kh7 55. Rg3 Rd2+ 56. Kc4 Re2 57. Kd3 Re1 58. h5 Rd1+ 59. Ke3 Re1+ 60. Kf4 Rf1+ 61. Rf3 Rg1 62. Re3 Rf1+ 63. Kg3 Rg1+ 64. Kh3 Rh1+ 65. Kg2 Rc1 66. e5 fxe5 67. Rxe5 Rc3 68. Re7 Kg8 69. Rd7 Kf8 70. Rd2 Kg8 71. Rd7 Kf8 72. Kh2 Kg8 73. Ra7 Kf8 74. Ra2 Kg8 75. Rg2 Kf7 76. Rg3 Rc2+ 77. Kh3 Kf6 78. Re3 Kg5 79. Re6 Rc3+ 80. Kh2 Kxg4 81. Rg6+ Kxf5 82. Rxg7 Rc2+ 83. Kh3 Rc3+ 84. Kh2 Rc2+ 85. Kh3 Rc3+ 86. Kh2 1/2-1/2


[Site "https://www.chess.com"]

[Event "Titled Tuesday Blitz January 03 Late 2023"]
[White "Przybylski, Wojciech"]
[Black "Saric, Ibro"]
[WhiteFideId "1117599"]
[BlackFideId "14401290"]
[WhiteElo "2321"]
[BlackElo "2531"]
[Result "1-0"]
[Round "10"]
[TimeControl "180+2"]
[Date "2023.01.03"]
[WhiteClock "0:00:12"]
[BlackClock "0:00:03"]

1. e4 c5 2. Nf3 e6 3. b3 b6 4. Bb2 Bb7 5. Qe2 Nc6 6. Qe3 d6 7. d4 cxd4 8. Nxd4 a6 9. Nd2 Nf6 10. O-O-O Qc7 11. f3 Be7 12. Nxc6 Bxc6 13. Bd3 O-O 14. g4 e5 15. h4 b5 16. h5 h6 17. g5 hxg5 18. Nf1 Nh7 19. Ng3 Bd7 20. Kb1 Rfc8 21. Nf5 Bxf5 22. exf5 Rab8 23. h6 Bf6 24. hxg7 Kxg7 25. f4 gxf4 26. Qh3 Kf8 27. Qxh7 Ke7 28. Qh3 d5 29. Qg2 Qc6 30. Rhe1 Rg8 31. Qf2 e4 32. Bxf6+ Kxf6 33. Qd4+ Kxf5 34. Bf1 Rbc8 35. Bh3+ Rg4 36. Rd2 Rg8 37. Bxg4+ Rxg4 38. Qh8 f3 39. Qh5+ Rg5 40. Qxf7+ Ke5 41. Qe7+ Kf5 42. Qf7+ Ke5 43. Red1 1-0


[Site "https://www.chess.com"]

[Event "Titled Tuesday Blitz January 03 Late 2023"]
[White "Zhigalko, Sergei"]
[Black "Papp, Levente"]
[WhiteFideId "13502956"]
[BlackFideId "751243"]
[WhiteElo "2572"]
[BlackElo "2353"]
[Result "1-0"]
[Round "10"]
[TimeControl "180+2"]
[Date "2023.01.03"]
[WhiteClock "0:01:58"]
[BlackClock "0:00:04"]

1. e4 e6 2. d4 d5 3. e5 c5 4. c3 Nc6 5. Nf3 Qb6 6. Bd3 cxd4 7. O-O Bd7 8. Re1 Nge7 9. h4 dxc3 10. Nxc3 Qd8 11. Bg5 h6 12. Nb5 Bc8 13. Nd6+ Kd7 14. Nxf7 Qe8 15. Nxh8 hxg5 16. Nxg5 Kc7 17. Nhf7 Ng8 18. Rc1 Bd7 19. a3 a6 20. b4 Nh6 21. Bg6 Nxf7 22. Bxf7 Qe7 23. Qg4 Kb6 24. Bxe6 d4 25. Bxd7 1-0


[Site "https://www.chess.com"]

[Event "Titled Tuesday Blitz January 03 Late 2023"]
[White "Indjic, Aleksandar"]
[Black "Ballester Llagaria, Luis Eduardo"]
[WhiteFideId "911925"]
[BlackFideId "2297620"]
[WhiteElo "2618"]
[BlackElo "2298"]
[Result "1-0"]
[Round "10"]
[TimeControl "180+2"]
[Date "2023.01.03"]
[WhiteClock "0:01:10"]
[BlackClock "0:00:01"]

1. e4 c5 2. Nf3 e6 3. d4 cxd4 4. Nxd4 Nc6 5. Nc3 Qc7 6. a3 a6 7. Be3 b5 8. Nxc6 dxc6 9. f3 e5 10. Qd2 Be6 11. Qf2 Nf6 12. Bd3 Be7 13. a4 b4 14. Nb1 c5 15. b3 c4 16. bxc4 Bxc4 17. O-O O-O 18. Nd2 Bxd3 19. cxd3 Rfd8 20. Rfc1 Qd7 21. Nc4 Qe6 22. Qe2 Nd7 23. a5 Nc5 24. Nb6 Nb3 25. Nxa8 Rxa8 26. Bb6 Nxa1 27. Rxa1 Rc8 28. d4 exd4 29. Qxa6 b3 30. Rb1 h5 31. Qb5 Bh4 32. a6 d3 33. Be3 Ra8 34. a7 Qd6 35. Qxb3 d2 36. Rd1 Be1 37. Qb7 1-0


[Site "https://www.chess.com"]

[Event "Titled Tuesday Blitz January 03 Late 2023"]
[White "Fishbein, Alexander"]
[Black "Sanal, Vahap"]
[WhiteFideId "2000377"]
[BlackFideId "6300545"]
[WhiteElo "2366"]
[BlackElo "2600"]
[Result "0-1"]
[Round "10"]
[TimeControl "180+2"]
[Date "2023.01.03"]
[WhiteClock "0:00:04"]
[BlackClock "0:01:30"]

1. e4 c5 2. Nf3 d6 3. d4 cxd4 4. Nxd4 Nf6 5. Nc3 a6 6. Be2 e5 7. Nb3 Be7 8. O-O O-O 9. Re1 Be6 10. Bf1 Nbd7 11. Nd5 Bxd5 12. exd5 Qc7 13. c4 Rfc8 14. Bd2 a5 15. Be3 a4 16. Nd2 Nc5 17. Nb1 Qd7 18. Nc3 Ng4 19. Bxc5 Rxc5 20. Ne4 Rcc8 21. c5 Nf6 22. cxd6 Bd8 23. Ng3 Bb6 24. Qe2 g6 25. Qf3 Qxd6 26. Rad1 Rc2 27. Re2 Rac8 28. Rde1 Rxe2 29. Qxe2 h5 30. h3 Bd4 31. Ne4 Nxe4 32. Qxe4 Qb4 33. d6 Qxd6 34. Qxb7 Rc2 35. Re2 Rc1 36. Qa8+ Kg7 37. Qxa4 Qf6 38. Qb3 Qf5 39. g4 Qb1 40. Kg2 Rxf1 0-1


[Site "https://www.chess.com"]

[Event "Titled Tuesday Blitz January 03 Late 2023"]
[White "Rosen, Eric"]
[Black "Mardov, Dimitar"]
[WhiteFideId "2032562"]
[BlackFideId "30919495"]
[WhiteElo "2349"]
[BlackElo "2456"]
[Result "1-0"]
[Round "10"]
[TimeControl "180+2"]
[Date "2023.01.03"]
[WhiteClock "0:00:42"]
[BlackClock "0:00:42"]

1. d4 Nf6 2. Bf4 d5 3. e3 Bf5 4. Nf3 e6 5. Bd3 Bxd3 6. cxd3 Bd6 7. Bg3 O-O 8. O-O Nbd7 9. Nc3 Bxg3 10. hxg3 c5 11. dxc5 Nxc5 12. Rc1 Rc8 13. Qe2 Qa5 14. a3 Nb3 15. Rb1 Rfd8 16. d4 Ne4 17. Nxe4 dxe4 18. Qd1 Qb6 19. Ng5 e5 20. d5 f5 21. Ne6 Rd6 22. Qh5 Nd2 23. Rbc1 Nc4 24. Rxc4 1-0


[Site "https://www.chess.com"]

[Event "Titled Tuesday Blitz January 03 Late 2023"]
[White "Poliakova, Varvara"]
[Black "Borges Feria, Yasel"]
[WhiteFideId "13518313"]
[BlackFideId "3504921"]
[WhiteElo "2010"]
[BlackElo "2439"]
[Result "1/2-1/2"]
[Round "10"]
[TimeControl "180+2"]
[Date "2023.01.03"]
[WhiteClock "0:00:21"]
[BlackClock "0:00:09"]

1. e4 c5 2. Nc3 a6 3. a4 b6 4. Nf3 Bb7 5. d4 cxd4 6. Nxd4 e6 7. Be3 d6 8. Be2 Nd7 9. O-O Qc7 10. f3 Ngf6 11. Nb3 Be7 12. Qe1 O-O 13. g4 Ne5 14. Qg3 Nfd7 15. h4 Nc4 16. Bxc4 Qxc4 17. g5 Rac8 18. Rad1 Qc7 19. Nd4 Ne5 20. h5 Nc4 21. Bc1 Qc5 22. Kg2 Rfd8 23. Rh1 Ne5 24. f4 Nc6 25. Be3 Nxd4 26. Bxd4 Qf5 27. Bxb6 Rxc3 28. bxc3 Bxe4+ 29. Kg1 Rc8 30. Rh4 Bxc2 31. Rd2 Bxa4 32. Qd3 Qb5 33. Qxb5 Bxb5 34. Rh3 Rc4 35. Rf2 Rc6 36. Bd4 Bc4 37. Re3 Bf8 38. Re1 Bb5 39. Rd1 Rc4 40. Ra1 e5 41. fxe5 dxe5 42. Bxe5 Bc5 43. Bd4 Rxd4 44. cxd4 Bxd4 45. Ra2 Bxf2+ 46. Kxf2 f6 47. gxf6 gxf6 48. Kg3 Kg7 49. Kh4 Kf7 50. Kg4 Bd7+ 51. Kf4 Bb5 52. Ra3 Kg7 53. Kg4 Kh6 54. Kh4 Be2 55. Ra5 Kg7 56. Kg3 Bb5 57. Kh4 Kh6 58. Ra1 Be2 59. Ra2 Bxh5 60. Rxa6 Kg6 61. Ra8 Bf3 62. Rg8+ Kf7 63. Rg3 Be4 64. Kg4 Bg6 65. Kf4 h5 66. Ra3 Kg7 67. Ra6 Bf7 68. Kf5 Bg6+ 69. Ke6 f5 70. Ra7+ Kh6 71. Kf6 h4 72. Ra6 Kh5 73. Ke5 Be8 74. Kf4 Bb5 75. Ra8 Bd3 76. Rh8+ Kg6 77. Rxh4 Be4 78. Rh2 Kf6 79. Rb2 Ke6 80. Rb6+ Kd5 81. Rf6 Kd4 82. Rf8 Kd5 83. Rd8+ Ke6 84. Re8+ Kd5 85. Rh8 Ke6 86. Rh6+ Kd5 87. Rf6 Kd4 88. Rd6+ Kc5 89. Rd8 Kc6 90. Ke5 Kc7 91. Rd2 Kc6 92. Rd1 Kc5 93. Rc1+ Kb4 94. Kd4 Kb3 95. Rc8 Kb2 96. Ke3 Kb3 97. Kd4 Kb2 98. Rc7 Kb3 99. Rc5 Kb2 100. Rb5+ Kc1 101. Ke3 Kc2 102. Kd4 Kc1 103. Rb8 Kc2 104. Rb6 Kc1 105. Kc3 Kd1 106. Rd6+ Ke2 107. Kd4 Kf3 108. Rf6 Kf4 109. Rf8 Bb1 110. Rf7 Be4 111. Rf8 Bc2 112. Rf7 Be4 113. Rf8 1/2-1/2


[Site "https://www.chess.com"]

[Event "Titled Tuesday Blitz January 03 Late 2023"]
[White "Rustemov, Alexander"]
[Black "Bayo Milagro, Alvaro"]
[WhiteFideId "4119002"]
[BlackFideId "22275240"]
[WhiteElo "2525"]
[BlackElo "2287"]
[Result "1-0"]
[Round "10"]
[TimeControl "180+2"]
[Date "2023.01.03"]
[WhiteClock "0:01:33"]
[BlackClock "0:01:19"]

1. d4 Nf6 2. c4 g6 3. Nf3 Bg7 4. g3 O-O 5. Bg2 d6 6. Nc3 c6 7. O-O Qb6 8. h3 Qa6 9. Nd2 e5 10. d5 cxd5 11. cxd5 Nbd7 12. a4 Nc5 13. b3 Qb6 14. Nb5 Ne8 15. Nc4 Qd8 16. Ba3 b6 17. b4 a6 18. Nc3 Nd7 19. b5 Nc5 20. Bxc5 dxc5 21. d6 Ra7 22. a5 axb5 23. Nxb5 Rxa5 24. Nxa5 bxa5 25. Qa4 Bd7 26. Qxa5 Qxa5 27. Rxa5 Bxb5 28. Rxb5 Nxd6 29. Rxc5 Nf5 30. e3 h5 31. Rd1 Bh6 32. Rxe5 h4 33. g4 Ng7 34. Rd7 Ne6 35. Bd5 Ng5 36. Kg2 Kg7 1-0


[Site "https://www.chess.com"]

[Event "Titled Tuesday Blitz January 03 Late 2023"]
[White "Pakleza, Zbigniew"]
[Black "Klose, Eli"]
[WhiteFideId "1119290"]
[BlackFideId "16242955"]
[WhiteElo "2494"]
[BlackElo "1519"]
[Result "0-1"]
[Round "10"]
[TimeControl "180+2"]
[Date "2023.01.03"]
[WhiteClock "0:00:02"]
[BlackClock "0:00:10"]

1. d4 Nf6 2. Nf3 c5 3. c3 b6 4. Bf4 g6 5. e3 Bg7 6. Nbd2 O-O 7. h3 Bb7 8. Be2 d5 9. O-O Nc6 10. a4 Re8 11. Bh2 Nd7 12. Nb3 e5 13. dxe5 Ndxe5 14. a5 Nxf3+ 15. Bxf3 Ne5 16. Be2 Bc6 17. Qc2 Qe7 18. Rfd1 Rad8 19. Bf1 h5 20. axb6 axb6 21. Ra6 Qb7 22. Rda1 Ra8 23. Qd1 Rxa6 24. Bxa6 Qd7 25. Be2 Ba4 26. Bf1 c4 27. Nc5 bxc5 28. Rxa4 Nd3 29. Ra2 Qb5 30. Qa1 Qb3 31. Be2 Qc2 32. Qd1 Qxd1+ 33. Bxd1 Re7 34. Bg3 Rb7 35. Bf3 Rxb2 36. Ra8+ Kh7 37. Bxd5 Bxc3 38. Bxc4 Ne5 39. Bd5 Rd2 40. e4 Rd1+ 41. Kh2 Bd4 42. f4 Nd3 43. h4 Bg1+ 44. Kh3 Nf2+ 45. Bxf2 Bxf2 0-1


[Site "https://www.chess.com"]

[Event "Titled Tuesday Blitz January 03 Late 2023"]
[White "Cruz Mendez, Jean Marco"]
[Black "Dourerassou, Jonathan"]
[WhiteFideId "3526402"]
[BlackFideId "628050"]
[WhiteElo "2270"]
[BlackElo "2414"]
[Result "1/2-1/2"]
[Round "10"]
[TimeControl "180+2"]
[Date "2023.01.03"]
[WhiteClock "0:00:37"]
[BlackClock "0:01:12"]

1. e4 e6 2. Qe2 c5 3. Nf3 Nc6 4. g3 b6 5. Bg2 Bb7 6. O-O g6 7. c3 Bg7 8. Rd1 Nge7 9. d4 cxd4 10. cxd4 d5 11. e5 O-O 12. Nc3 Rc8 13. h4 h5 14. Be3 Nf5 15. Bg5 Qd7 16. Bh3 Na5 17. Rac1 Nc4 18. b3 Na3 19. Bxf5 exf5 20. Qe3 Rfe8 21. Bh6 Ba6 22. Qg5 Re6 23. Bxg7 Kxg7 24. Nh2 Rec6 25. Nb1 Nxb1 26. Rxb1 Rc2 27. Rbc1 Be2 28. Rxc2 Rxc2 29. Rc1 Rc6 30. Nf1 Bf3 31. Nh2 Be4 32. f3 Bd3 33. Nf1 Kh7 34. Rxc6 Qxc6 35. Qe7 Kg7 36. Qf6+ Qxf6 37. exf6+ Kxf6 38. Ne3 Ke6 39. f4 Be4 40. Kf2 Kd6 41. Ke2 b5 42. b4 Kc6 43. a3 a6 44. Kd2 Kd6 45. Kc3 Ke6 46. Kd2 f6 47. Kc3 Kf7 48. Kd2 g5 49. Kc3 Kg6 50. Kd2 Kf7 51. Kc3 gxh4 52. gxh4 Ke6 53. Kd2 Kd6 54. Kc3 Kc6 55. Kd2 Kb6 56. Kc3 a5 57. Kd2 Ka6 58. Kc3 Kb6 59. Kd2 a4 60. Kc3 Kc6 61. Kd2 Kd6 62. Kc3 Ke6 63. Kd2 Kd6 64. Kc3 Ke6 65. Kd2 Kd6 1/2-1/2


[Site "https://www.chess.com"]

[Event "Titled Tuesday Blitz January 03 Late 2023"]
[White "Martins, Bruno Andre Leite"]
[Black "Kuzmicz, Krystian"]
[WhiteFideId "1942255"]
[BlackFideId "1119125"]
[WhiteElo "2348"]
[BlackElo "2466"]
[Result "1-0"]
[Round "10"]
[TimeControl "180+2"]
[Date "2023.01.03"]
[WhiteClock "0:01:38"]
[BlackClock "0:02:01"]

1. e4 c5 2. Nf3 e6 3. d4 cxd4 4. Nxd4 Nf6 5. Nc3 Nc6 6. Ndb5 Bc5 7. Bf4 O-O 8. Bc7 Qe7 9. Bd6 Bxd6 10. Qxd6 Qd8 11. Nc7 Rb8 12. Be2 b5 13. N7xb5 a6 14. Nd4 Nxd4 15. Qxd4 Rxb2 16. O-O Rxc2 17. Bd3 Rb2 18. e5 Ne8 19. Ne4 Rb8 20. Nc5 d6 21. exd6 Qxd6 22. Qxd6 Nxd6 23. Nxa6 Bxa6 24. Bxa6 Ra8 25. Be2 Ra3 26. Rfd1 Ne4 27. Rd3 Rfa8 28. Rxa3 Rxa3 29. Bc4 Nd2 30. Rd1 1-0


[Site "https://www.chess.com"]

[Event "Titled Tuesday Blitz January 03 Late 2023"]
[White "Papasimakopoulos, Alexandros"]
[Black "Fiorito, Joaquin"]
[WhiteFideId "4244125"]
[BlackFideId "180173"]
[WhiteElo "2401"]
[BlackElo "2405"]
[Result "0-1"]
[Round "10"]
[TimeControl "180+2"]
[Date "2023.01.03"]
[WhiteClock "0:01:10"]
[BlackClock "0:00:08"]

1. e4 c6 2. d4 d5 3. f3 e6 4. Nc3 Bb4 5. Be3 Ne7 6. Bd3 Nd7 7. Ne2 O-O 8. a3 Ba5 9. h4 Bc7 10. h5 Re8 11. Qd2 b5 12. g4 Nb6 13. g5 Nc4 14. Bxc4 bxc4 15. Bf4 Rb8 16. O-O-O Bxf4 17. Qxf4 Qb6 18. Kd2 Bd7 19. h6 Ng6 20. Qd6 e5 21. hxg7 exd4 22. Rxh7 dxc3+ 23. bxc3 Kxh7 24. Rh1+ Kxg7 25. Qxd7 Re7 26. Qf5 c5 27. Nf4 dxe4 28. Nh5+ Kf8 29. Nf6 Qd6+ 30. Kc1 Reb7 31. Nd5 Rb1+ 32. Kd2 Rxh1 33. fxe4 Rh2+ 34. Kc1 Rh1+ 35. Kd2 Qh2+ 36. Ke3 Re1+ 37. Kf3 Rf1+ 38. Kg4 Qh4# 0-1


[Site "https://www.chess.com"]

[Event "Titled Tuesday Blitz January 03 Late 2023"]
[White "Vlassov, Nikolai"]
[Black "benny_aizenberg"]
[WhiteFideId "4103360"]
[WhiteElo "2283"]
[BlackElo "2507"]
[Result "1/2-1/2"]
[Round "10"]
[TimeControl "180+2"]
[Date "2023.01.03"]
[WhiteClock "0:00:19"]
[BlackClock "0:00:09"]

1. e4 c5 2. c3 Nf6 3. e5 Nd5 4. d4 cxd4 5. cxd4 d6 6. Bc4 Nb6 7. Bb3 dxe5 8. Qh5 e6 9. dxe5 Nc6 10. Nc3 g6 11. Qg5 Qxg5 12. Bxg5 Bg7 13. f4 h6 14. Bf6 Bxf6 15. exf6 O-O 16. Nf3 a5 17. O-O a4 18. Bc2 a3 19. bxa3 Rxa3 20. Ne4 Nd5 21. Ne5 Nd4 22. Bd1 Re3 23. Bf3 Nxf4 24. Rae1 Nxf3+ 25. gxf3 Ra3 26. Nd6 Rxa2 27. Nexf7 Rxf7 28. Nxc8 Rxf6 29. Nd6 b6 30. Rb1 Nd5 31. Rf2 Ra3 32. Rc1 Rfxf3 33. Rc8+ Kg7 34. Rb8 Rxf2 35. Kxf2 Kf6 36. Rb7 Rc3 37. Ne4+ Ke5 38. Nxc3 Nxc3 39. Rxb6 Nd5 40. Rb8 Ke4 41. Kg3 e5 42. Rh8 h5 43. Kh4 Kf5 44. Ra8 e4 45. Kg3 g5 46. Ra5 Ke5 47. h3 Kd4 48. Ra4+ Kd3 49. Ra5 Kc4 50. Ra4+ Kd3 51. Ra5 Kd4 52. Ra4+ Ke5 53. Ra5 Ke6 54. Ra6+ Kf5 55. Ra5 Ke5 56. Ra6 Ne3 57. Ra5+ Kf6 58. Ra6+ Kf7 59. Ra7+ Ke6 60. Ra6+ Ke7 61. Ra7+ Kd6 62. Ra6+ Ke5 63. Ra5+ Nd5 64. Rb5 Kd4 65. Ra5 e3 66. Kf3 Kc4 67. Ra4+ Kd3 68. Ra3+ Nc3 69. Rxc3+ Kxc3 70. Kxe3 Kc4 71. Ke4 Kc5 72. Kf5 g4 73. hxg4 h4 74. Kf4 Kd6 75. g5 Ke6 76. Kg4 Kf7 77. Kxh4 Kg6 78. Kg4 Kg7 79. Kf5 Kf7 80. Ke5 Kg6 81. Kf4 Kg7 82. Kf5 Kf7 83. g6+ Kg7 84. Kg5 Kg8 85. Kh6 Kh8 86. Kg5 Kg7 87. Kf5 Kg8 88. Kf6 Kf8 89. Ke6 Kg7 90. Kf5 Kg8 91. Kf4 Kg7 92. Kg5 Kg8 93. Kh5 Kg7 94. Kg5 1/2-1/2


[Site "https://www.chess.com"]

[Event "Titled Tuesday Blitz January 03 Late 2023"]
[White "Adewumi, Tanitoluwa"]
[Black "Tregubov, Pavel V."]
[WhiteFideId "30966396"]
[BlackFideId "4115341"]
[WhiteElo "2283"]
[BlackElo "2553"]
[Result "0-1"]
[Round "10"]
[TimeControl "180+2"]
[Date "2023.01.03"]
[WhiteClock "0:00:02"]
[BlackClock "0:00:05"]

1. e4 e6 2. d4 d5 3. exd5 exd5 4. Nf3 Bd6 5. c4 Nf6 6. c5 Be7 7. Bd3 O-O 8. O-O b6 9. Be3 Ng4 10. Bf4 bxc5 11. dxc5 Ba6 12. Nc3 Bxd3 13. Qxd3 c6 14. b4 Nd7 15. Nd4 Rc8 16. Qa6 Bf6 17. Nxc6 Rxc6 18. Qxc6 Bxc3 19. Rad1 d4 20. a3 Qf6 21. Bd6 Nde5 22. Qe4 Re8 23. h3 Nh6 24. f4 Qg6 25. Qe2 d3 26. Qe3 Nf5 27. Qe4 Bd4+ 28. Kh2 Qg3+ 29. Kh1 Ne3 30. fxe5 Nxf1 31. Rxf1 Bxe5 32. Qd5 Qh2# 0-1


[Site "https://www.chess.com"]

[Event "Titled Tuesday Blitz January 03 Late 2023"]
[White "Schmidt, Harald"]
[Black "Baskin, Robert"]
[WhiteFideId "4648358"]
[BlackFideId "24662402"]
[WhiteElo "2347"]
[BlackElo "2442"]
[Result "0-1"]
[Round "10"]
[TimeControl "180+2"]
[Date "2023.01.03"]
[WhiteClock "0:00:09"]
[BlackClock "0:01:43"]

1. c4 d6 2. Nc3 Nc6 3. Rb1 a5 4. a3 g5 5. b4 axb4 6. axb4 Bg7 7. b5 Ne5 8. e3 Bg4 9. f3 Be6 10. Qb3 f5 11. d4 Nd7 12. Bd3 Nh6 13. Nge2 O-O 14. O-O Bf7 15. Ng3 e5 16. Nxf5 Nxf5 17. Bxf5 exd4 18. Ne4 Ne5 19. exd4 Bxc4 20. Be6+ Bxe6 21. Qxe6+ Nf7 22. Nxg5 Bxd4+ 23. Kh1 Qf6 24. Qxf6 Bxf6 25. Ne6 Rfc8 26. Bf4 Ra2 27. Rfc1 c5 28. g4 c4 29. b6 Be5 30. Be3 Rxh2+ 31. Kg1 Re2 32. Bf2 c3 33. Nc7 Ng5 34. Kg2 Bd4 35. Kg3 Bxf2+ 36. Kf4 Be3+ 37. Kf5 Rf8# 0-1


[Site "https://www.chess.com"]

[Event "Titled Tuesday Blitz January 03 Late 2023"]
[White "Pranav, V"]
[Black "AidenRchess"]
[WhiteFideId "25060783"]
[WhiteElo "2597"]
[BlackElo "2398"]
[Result "1-0"]
[Round "10"]
[TimeControl "180+2"]
[Date "2023.01.03"]
[WhiteClock "0:02:42"]
[BlackClock "0:01:38"]

1. e4 c5 2. Nf3 d6 3. c3 Nf6 4. Be2 Nc6 5. d4 cxd4 6. cxd4 Nxe4 7. d5 Qa5+ 8. Nc3 Nxc3 9. bxc3 Ne5 10. Nxe5 Qxc3+ 11. Bd2 Qxe5 12. O-O g6 13. Bb5+ Bd7 14. Bxd7+ Kxd7 15. Qa4+ Kd8 16. Rab1 b6 17. Rxb6 Qxd5 18. Rb5 Qxd2 19. Rb7 Qc3 20. Qd7# 1-0


[Site "https://www.chess.com"]